 Dungeon Crawl Stone Soup version bcrawl-1.37.2 (webtiles) character file.

Game seed: 100990638732992267

238128 Coyote68 the Insei (level 6, -7/47 HPs)
             Began as a Human Martial Artist on Nov 28, 2022.
             Was a Believer of Wu Jian.
             Mangled by a gnoll
             ... wielding a +0 halberd
              (8 damage)
             ... on level 2 of the Dungeon.
             The game lasted 00:08:05 (1804 turns).

Coyote68 the Insei (Human Martial Artist)           Turns: 1804, Time: 00:08:06

Health: -7/47      AC:  2    Str: 12    XL:     6   Next: 50%
Magic:  7/7        EV: 13    Int: 10    God:    Wu Jian [**....]
Gold:   97         SH:  0    Dex: 17    Spells: 6/7 levels left

rFire    . . .     GDR:     28%   - Fists (8.9)
rCold    . . .     SeeInvis .   (no shield)
rNeg     . . .     Gourm    .   a - +0 robe
rPois    .         Faith    .   (no helmet)
rElec    +         Spirit   .   (no cloak)
rCorr    .         Reflect  .   (no gloves)
MR       .....                  (no boots)
Stlth    ++........             (no amulet)
HPRegen  0.17/turn              m - ring of insulation
MPRegen  0.10/turn              (no ring)

@: exhausted, heavily drained
A: no striking features
a: Wall Jump, Serpent's Lash, Renounce Religion


You were on level 2 of the Dungeon.
You worshipped Wu Jian.
Wu Jian was pleased with you.
You were hungry.

You visited 1 branch of the dungeon, and saw 2 of its levels.

You collected 97 gold pieces.

Inventory:

Armour
 a - a +0 robe (worn)
Jewellery
 m - a ring of insulation (left hand)
Scrolls
 f - a scroll of remove curse {unknown}
 k - a scroll of magic mapping
Potions
 b - a potion of agility
 c - a potion of haste
 d - a potion of resistance
 g - a potion of heal wounds {unknown}
 h - a potion of ambrosia {unknown}
 l - a potion of curing {unknown}
 n - 2 potions of brilliance {unknown}
Comestibles
 e - 4 rations {!d}
 j - 4 chunks of flesh


   Skills:
 + Level 3.6(2.3) Fighting
 + Level 4.4(3.1) Dodging
 + Level 2.7(1.5) Stealth
 + Level 6.6(5.2) Unarmed Combat
 + Level 1.0(0.0) Spellcasting
 + Level 1.1(0.0) Hexes


You had 6 spell levels left.
You knew the following spells:

 Your Spells              Type           Power        Failure   Level  Hunger
a - Confusing Touch       Hex            #.......     36%         1    None
Your spell library was empty.

Dungeon Overview and Level Annotations

Branches:
Dungeon (2/12)

Altars:


Message History

The gnoll is heavily wounded.
The gnoll hits you. The gnoll hits you with a +0 halberd!
You hit the gnoll but do no damage.
The gnoll is heavily wounded.
The gnoll hits you.
* * * LOW HITPOINT WARNING * * *
You spin and attack the gnoll repeatedly.
You hit the gnoll.
The gnoll is almost dead.
You hit the gnoll.
You kill the gnoll!
The Council accepts your kill.
The gnoll hits you from afar with a +0 halberd!
* * * LOW HITPOINT WARNING * * *
The jackal closely misses you.
You hit the jackal.
The jackal is almost dead.
The jackal closely misses you.
The gnoll hits you from afar with a +0 halberd!
You die...

## ######### ..#
##.......###########...#
#..=####.#......g#......
#.....##.#.##.@hg.......
#...#.........##.#......
##.#####.#.#####$# #...#
#.......#.# #.# ...
#.#######.. ..# ## #.###
#### ### #...# ###.# #.#
#.....#


You could see 2 gnolls and a jackal.

Vanquished Creatures
  Sigmund (D:2)
  Terence (D:2)
  2 gnolls (D:2)
  2 oozes
  2 worms
  2 dart slugs (D:2)
  5 leopard geckos
  8 bats
  2 giant cockroaches
  6 goblins
  5 hobgoblins
  5 jackals (D:2)
  A quokka (D:2)
  4 frilled lizards
  2 kobolds
  3 rats
51 creatures vanquished.

Notes
Turn   | Place    | Note
-------+----------+-------------------------------------------
     0 | D:1      | Coyote68 the Human Martial Artist began the quest for the
                  | Orb.
     0 | D:1      | Reached XP level 1. HP: 18/18 MP: 2/2
   172 | D:1      | Reached XP level 2. HP: 20/24 MP: 3/3
   496 | D:1      | Reached XP level 3. HP: 29/29 MP: 4/4
   578 | D:1      | Reached skill level 5 in Unarmed Combat
  1052 | D:2      | Reached ** piety under Wu Jian
  1102 | D:2      | Reached XP level 4. HP: 35/35 MP: 5/5
  1125 | D:2      | Noticed Sigmund
  1136 | D:2      | Killed Sigmund
  1136 | D:2      | Reached skill level 6 in Unarmed Combat
  1136 | D:2      | Reached XP level 5. HP: 26/41 MP: 6/6
  1136 | D:2      | Reached XP level 6. HP: 30/47 MP: 7/7
  1494 | D:2      | Noticed Terence
  1507 | D:2      | Killed Terence
  1803 | D:2      | HP: 1/47 [gnoll/+0 halberd (10)]
  1804 | D:2      | Mangled by a gnoll

Skill      XL: |  1  2  3  4 |
---------------+-------------+-----
Unarmed Combat | 5 6 |  6.6
Dodging        | 4 |  4.4
Stealth        | 2 |  2.7
Fighting       | |  3.6
Spellcasting   | |  1.0
Hexes          | |  1.1

Action                   |  1- 3 |  4- 6 || total
-------------------------+-------+-------++-------
Melee: Unarmed           |    87 |    77 ||   164
       Punch             |       |     1 ||     1
Invok: Whirlwind         |    23 |    23 ||    46
       Lunge             |    14 |     8 ||    22
 Abil: Serpent's Lash    |       |     3 ||     3
       Wall Jump         |       |     3 ||     3
  Use: Scroll            |     1 |     4 ||     5
 Stab: Sleeping          |     4 |     2 ||     6
  Eat: Chunk             |     1 |     1 ||     2
       Ration            |     1 |       ||     1
Armor: Robe              |    11 |     4 ||    15
Dodge: Dodged            |    42 |    31 ||    73
